 Dungeon Crawl Stone Soup version 0.31-a0-986-g5e6e4ef867 (webtiles) character file.

Game seed: 2885957276239153737

5825 FakeRyeBread the Basher (level 10, -1/64 HPs)
             Began as a Gargoyle Fighter on Nov 7, 2023.
             Was an Elder of Okawaru.
             Slain by a tengu warrior
             ... wielding a +0 glaive
              (16 damage)
             ... on level 8 of the Dungeon.
             The game lasted 00:32:32 (8777 turns).

FakeRyeBread the Basher (Gargoyle Fighter)          Turns: 8777, Time: 00:32:33

Health: -1/64      AC: 25    Str: 23    XL:     10   Next: 80%
Magic:  13/13      EV:  6    Int: 10    God:    Okawaru [****..]
Gold:   298        SH:  5    Dex:  9    Spells: 9/9 levels left

rFire   . . .        j - +0 eveningstar
rCold   . . .        c - +0 buckler
rNeg    + . .        d - +0 plate armour
rPois   ∞            (no helmet)
rElec   +            i - +0 cloak
rCorr   .            f - +0 pair of gloves
SInv    +            B - +0 pair of boots
Will    .....        A - amulet of regeneration Stlth
                     m - ring of see invisible
HPRegen 1.10/turn    (no ring)
MPRegen 0.13/turn

%: no passive effects
@: about to teleport
A: sickness immunity, AC +7, negative energy resistance 1, electricity
resistance, torment resistance 1, petrification resistance
a: Renounce Religion, Heroism, Finesse


You were on level 8 of the Dungeon.
You worshipped Okawaru.
Okawaru was greatly pleased with you.
You visited 2 branches of the dungeon, and saw 9 of its levels.
You also visited: Bailey.

You collected 545 gold pieces.
You spent 247 gold pieces at shops.

Inventory:

Hand Weapons
 j - a +0 eveningstar (weapon)
Missiles
 r - 15 boomerangs (quivered)
 s - 15 javelins
Armour
 c - a +0 buckler (worn)
 d - a +0 plate armour (worn)
 f - a +0 pair of gloves (worn)
 i - a +0 cloak (worn)
 B - a +0 pair of boots (worn)
Jewellery
 m - a ring of see invisible (left hand)
 A - an amulet of regeneration (around neck)
Wands
 v - a wand of polymorph (13)
 x - a wand of flame (20)
Scrolls
 b - a scroll of immolation
 k - a scroll of amnesia
 n - a scroll of torment
Potions
 g - a potion of mutation {unknown}
 h - 2 potions of lignification
 o - a potion of haste
 p - a potion of magic {unknown}
 q - 2 potions of attraction {unknown}
 t - 3 potions of curing
 w - a potion of degeneration {unknown}


   Skills:
 + Level 8.2 Fighting
 * Level 10.0 Maces & Flails
 + Level 8.2 Armour
 + Level 8.2 Shields
 + Level 4.3 Invocations


You had 9 spell levels left.
You didn't know any spells.
Your spell library contained the following spells:

 Spells                   Type           Power      Damage    Failure   Level
 Shock                    Conj/Air       0%         1d3       99%         1
 Swiftness                Air            0%         N/A       100%        3
 Airstrike                Air            0%         2d(0-16)  100%        4
 Eringya's Noxious Bog    Tmut/Pois      0%         4d6       100%        6
 Summon Forest            Summ/Tloc      Unusable   N/A       N/A         5
 Summon Hydra             Summ           Unusable   N/A       N/A         7

Dungeon Overview and Level Annotations

Branches:
Dungeon (8/15)             Temple (1/1) D:6          Bailey (visited)
   Lair: D:8-11

Altars:
Ashenzari
Cheibriados
Dithmenos
Elyvilon
Gozag
Hepliaklqana
Kikubaaqudgha
Makhleb
Nemelex Xobeh
Okawaru
Qazlal
Ru
Sif Muna
Trog
Uskayaw
Vehumet
Wu Jian
Xom
Yredelemnul
Zin
The Shining One

Shops:
D:1 [   D:2 (   D:4 :*   D:6 :

Annotations:
D:3 2 runed translucent doors, soul19's ghost, amateur DsFi
D:8 1 runed translucent door, exclusion: ice statue, GoblinPMC's ghost, novice MiFi


Innate Abilities, Weirdness & Mutations

You are immune to sickness and miasma.
Your stone body is resilient. (AC +7)
You are immune to poison.
You resist negative energy. (rN+)
You are resistant to electric shocks. (rElec)
You are resistant to unholy torment.
You are immune to petrification.


Message History

You barely miss the ice beast.
The ice beast is moderately wounded.
The boulder beetle waves its antennae.
You block the ice beast's attack.
You sock the boulder beetle!
The boulder beetle is lightly wounded.
The boulder beetle bites you but does no damage.
You block the ice beast's attack.
You puncture the boulder beetle!
The boulder beetle is moderately wounded.
The boulder beetle bites you but does no damage.
You hit the boulder beetle but do no damage.
The boulder beetle is moderately wounded.
The ice beast hits you but does no damage.
You block the boulder beetle's attack.
You hit the boulder beetle.
The boulder beetle is moderately wounded.
You feel like a meek peon again.
The ice beast hits you but does no damage.
You hit the boulder beetle but do no damage.
The boulder beetle is moderately wounded.
The boulder beetle leaps!
The ice beast closely misses you.
You barely miss the ice beast.
The ice beast is moderately wounded.
The ice beast hits you but does no damage.
You bludgeon the ice beast!!
You kill the ice beast!
The ice beast disappears in a puff of smoke!
The tengu warrior hits you from afar with a +0 glaive.
* * * LOW HITPOINT WARNING * * *
The tengu warrior hits you with a +0 glaive.
* * * LOW HITPOINT WARNING * * *
The tengu warrior pecks you but does no damage.
The tengu warrior claws you but does no damage.
Okay, then.
Okay, then.
As you read the scroll of teleportation, it crumbles to dust.
You feel strangely unstable. The tengu warrior slips past you!
The tengu warrior hits you with a +0 glaive!
You die...

#...~##..##..## ##~...#
#...# #~...#..##§..≈##
#.c.~# ##...
#.~≈.#8.#.§##○°# 8#.~~.#
#... #^.)≈...#≈..>.≈#
.#≈...# #...
#...~#^.#≈!⌠..≈#..#~...#
#...
#.~~.#8.#..##..#.8#.~~.#
#..† #~.Y.#K.##≈.B≈##..#
#### #...~.#..##o.##..#
##.≈..##..###@§.#
##.^..##....)Q##
###..~###..### ##.. ####
##^


You could see a boulder beetle, a tengu warrior and an orc.

Vanquished Creatures
  Erica (D:8)
  Maggie (D:8)
  Grinder (D:5)
  2 wyverns (D:8)
  A vampire (D:6)
  6 yaks (D:8)
  7 orc warriors
  An ice beast (D:7)
  4 sky beasts (D:7)
  An ogre (D:5)
  7 centaurs
  A phantom (D:3)
  2 kobold brigands
  2 scorpions
  3 bullfrogs
  A gnoll sergeant (D:6)
  5 killer bees (D:8)
  A howler monkey (D:5)
  4 crimson imps (D:6)
  A hound (D:6)
  5 orc priests
  A sleepcap (D:6)
  Jessica (D:2)
  An iguana (D:4)
  4 orc wizards
  11 gnolls
  10 adders
  3 shadow imps
  3 white imps
  2 worms
  4 dart slugs
  48 orcs
  5 ball pythons
  9 endoplasms
  4 giant cockroaches
  3 goblins
  9 hobgoblins
  9 jackals
  15 kobolds
  3 quokkas
  5 bats
  4 frilled lizards
  6 rats
217 creatures vanquished.

Notes
Turn   | Place    | Note
-------+----------+-------------------------------------------
     0 | D:1      | FakeRyeBread the Gargoyle Fighter began the quest for the
                  | Orb.
     0 | D:1      | Reached XP level 1. HP: 14/14 MP: 1/1
   203 | D:1      | Reached XP level 2. HP: 15/19 MP: 2/2
   619 | D:1      | Found Meudosorgh's Antique Armour Shop.
   946 | D:2      | Found Syhug's Antique Weapon Shop.
   975 | D:2      | Reached XP level 3. HP: 19/23 MP: 3/3
  1168 | D:2      | Noticed Jessica
  1173 | D:2      | Killed Jessica
  1174 | D:2      | Reached skill level 3 in Maces & Flails
  1174 | D:2      | Reached XP level 4. HP: 29/29 MP: 4/4
  1981 | D:2      | Bought a runed morningstar for 147 gold pieces
  2114 | D:3      | Found a faded altar of an unknown god.
  2273 | D:3      | Found a runed translucent door.
  2274 | D:3      | Noticed soul19's ghost (amateur DsFi)
  2298 | D:3      | Reached XP level 5. HP: 33/33 MP: 5/5
  2317 | D:3      | Noticed a phantom
  2341 | D:3      | Killed a phantom
  2572 | D:3      | Reached skill level 4 in Maces & Flails
  2573 | D:3      | Reached XP level 6. HP: 25/38 MP: 6/6
  2802 | D:3      | Found a runed translucent door.
  3070 | D:4      | Found Osehawym's Lightly-Used Armoury.
  3576 | D:4      | Reached XP level 7. HP: 18/44 MP: 7/7
  4215 | D:4      | Found Havanaoq's Book Boutique.
  4545 | D:4      | Bought a -1 eveningstar for 100 gold pieces
  4641 | D:5      | Entered Level 5 of the Dungeon
  4729 | D:5      | Found a radiant altar of Vehumet.
  4731 | D:5      | Found an ornate altar of the Wu Jian Council.
  4782 | D:5      | Reached skill level 5 in Maces & Flails
  5102 | D:5      | Reached skill level 5 in Armour
  5135 | D:5      | Noticed Grinder
  5140 | D:5      | Killed Grinder
  5141 | D:5      | Reached skill level 5 in Fighting
  5141 | D:5      | Reached skill level 5 in Shields
  5147 | D:5      | Reached XP level 8. HP: 20/49 MP: 8/8
  5483 | D:5      | Found a burning altar of Makhleb.
  5483 | D:5      | Noticed a balrug
  5486 | D:5      | Noticed a ynoxinul
  5486 | D:5      | Noticed a hellwing
  5854 | D:6      | Reached skill level 6 in Maces & Flails
  5901 | D:6      | Noticed a vampire
  5917 | D:6      | Killed a vampire
  5979 | D:6      | Found Debrigo's Self-Published Books.
  6035 | D:6      | Found a shimmering altar of Xom.
  6220 | D:6      | Found a sacrificial altar of Ru.
  6389 | D:6      | Reached skill level 7 in Maces & Flails
  6410 | D:6      | Found a staircase to the Ecumenical Temple.
  6421 | Temple   | Entered the Ecumenical Temple
  6436 | Temple   | Became a worshipper of Warmaster Okawaru
  6690 | D:7      | Reached XP level 9. HP: 54/56 MP: 9/9
  6717 | D:7      | Found a stormy altar of Qazlal.
  6737 | D:7      | Reached * piety under Okawaru
  7137 | D:7      | Reached skill level 8 in Maces & Flails
  7387 | D:8      | Found a runed translucent door.
  7387 | D:8      | Noticed GoblinPMC's ghost (novice MiFi)
  7412 | D:8      | Noticed Maggie
  7428 | D:8      | Killed Maggie
  7428 | D:8      | Reached ** piety under Okawaru
  7429 | D:8      | Reached skill level 1 in Invocations
  7438 | D:8      | Found a flagged portal.
  7485 | Bailey   | Entered a bailey
  7757 | Bailey   | Reached XP level 10. HP: 26/63 MP: 10/12
  7915 | Bailey   | Reached *** piety under Okawaru
  7963 | Bailey   | Found the +5 Lochaber axe {reach-cleave, Poleaxe Drain}
  8032 | Bailey   | Reached skill level 9 in Maces & Flails
  8181 | D:8      | Noticed Erica
  8206 | D:8      | Killed Erica
  8260 | D:8      | Found a shadowy altar of Dithmenos.
  8407 | D:8      | Reached **** piety under Okawaru
  8671 | D:8      | Noticed an ice statue
  8736 | D:8      | Noticed a boulder beetle
  8740 | D:8      | Noticed a tengu warrior
  8756 | D:8      | Reached skill level 10 in Maces & Flails
  8777 | D:8      | Slain by a tengu warrior

Illustrated notes

Levels and vault maps discovered:
D:1:      lemuel_arrival_rhombus, layout_basic, serial_shops, shop
D:2:      layout_loops_ring, serial_shops, nicolae_shop_tiny_real_fake_doors,
          hex_medium, uniq_jessica
D:3:      layout_loops_ring, ebering_ghost_sewer_f,
          hellmonk_ecumenical_altar_leap_of_faith,
          chequers_serial_rivers_micro_a, grunt_decor_mini_mirrors,
          kennysheep_flooded_box
D:4:      layout_loops_corners, serial_shops,
          nicolae_shop_pleasant_corner_grove, minmay_shop_damaged,
          kennysheep_generic_room_4
D:5:      layout_basic, makhleb_altar_promises_db,
          mainiacjoe_overflow_catwalk_spiral, lemuel_flame_loot_1, uniq_grinder
D:6:      layout_rooms, nicolae_ru_sacrificial_ziggurat, led_xom_imps,
          minmay_temple_entry_enclosed_plants, nicolae_custom_books
D:7:      layout_cave_pools, nicolae_qazlal_beasts_of_the_sky,
          kennysheep_generic_room_15
D:8:      layout_rooms, mainiacjoe_overflow_alcove_4,
          hellmonk_ghost_happy_afterlife, enter_bailey_2,
          grunt_decor_resistance, nzn_random_ring, uniq_maggie, uniq_erica
Temple:   zaba_magenta_temple

Skill      XL: |  1  2  3  4  5  6  7  8  9 10 |
---------------+-------------------------------+-----
Maces & Flails | 3 4 5 7 8 10 | 10.0
Shields        | 4 5 6 7 8 |  8.2
Armour         | 4 5 6 7 8 |  8.2
Fighting       | 4 5 6 7 8 |  8.2
Invocations    | 2 4 |  4.3

Action                     |  1- 3 |  4- 6 |  7- 9 | 10-12 || total
---------------------------+-------+-------+-------+-------++-------
  Melee: Flail             |    56 |   202 |    81 |       ||   339
         Eveningstar       |       |       |   371 |   176 ||   547
 Invoke: Heroism           |       |       |       |     1 ||     1
    Use: Scroll            |       |     7 |    10 |     1 ||    18
         Potion            |       |       |     6 |     1 ||     7
 Armour: Scale mail        |    32 |   132 |    69 |       ||   233
         Chain mail        |       |       |   438 |       ||   438
         Plate armour      |       |       |    24 |   230 ||   254
  Dodge: Dodged            |    25 |   104 |   312 |    67 ||   508
  Block: Buckler           |     7 |    40 |   148 |    61 ||   256

Table legend: (Time is in decaauts)
 A = Elapsed time spent in this place.
 B = Non-inter-level travel time spent in this place.
 C = Inter-level travel time spent in this place.
 D = Time resting spent in this place.
 E = Time spent auto-exploring this place.
 F = Levels seen in this place.
 G = Mean time per level.
                   A        B        C        D        E       F      G
               +--------+--------+--------+--------+--------+-----+--------+
         Total |   8909 |   7552 |   1357 |    767 |   4341 |  10 |  890.9 |
       Dungeon |   8239 |   6910 |   1329 |    737 |   4263 |   8 | 1029.9 |
        Temple |     30 |      2 |     28 |      0 |      0 |   1 |   30.0 |
        Bailey |    638 |    638 |      0 |     30 |     78 |   1 |  638.0 |
               +--------+--------+--------+--------+--------+-----+--------+

Top non-repeatable levels by time:
     D:4: 1599 daAuts
     D:3: 1227 daAuts
     D:5: 1181 daAuts
     D:2: 961 daAuts
     D:1: 934 daAuts
     D:6: 800 daAuts
     D:8: 767 daAuts
     D:7: 767 daAuts
  Bailey: 638 daAuts
  Temple: 30 daAuts
